Description

2 barracks reapers all in + 9 obreros. barracas en su segunda base ocultas

Build Order

Get SALT Encoding   

  12  0:01  SCV  
  13  0:14  Supply Depot  
  13  0:20  SCV  
  14  0:38  Barracks  
  14  0:41  Refinery  
  14  0:55  Barracks  
  14  0:59  SCV  
  16  1:11  SCV  
  16  1:16  Refinery  
  16  1:23  SCV  
  16  1:25  Reaper  
  18  1:42  Reaper  
  18  1:45  Orbital Command  
  19  1:57  Reaper  
  20  2:04  Supply Depot  
  19  2:16  Reaper  
  19  2:29  Factory  
  19  2:32  Reaper  
  19  2:36  SCV  
  21  2:53  Reaper  
  21  2:56  SCV  
  23  3:04  Reaper  
  24  3:08  SCV  
  24  3:13  Factory Tech Lab  
  23  3:20  SCV  
  23  3:25  Reaper  
  25  3:28  Supply Depot  
  25  3:33  SCV, Cyclone  
Spawning Tool Build Advisor. Get it on Overwolf

Go to:

Details

  • Created by: igneeldragon
  • Published on: Feb 25, 2020
  • Modified on: Feb 25, 2020
  • Patch: 4.11.0
Show
View Real Time Build Order
Export as new Build Order

Comments (0)

There are no comments. Be the first!

Create an account to comment!